 Dungeon Crawl Stone Soup version 0.28-a0-78-g53beef7 (webtiles) character file.

Game seed: 3145144447837084459

31 HDogLeCool the Shield-Bearer (level 3, 0/29 HPs)
             Began as a Human Fighter on Aug 1, 2021.
             Succumbed to an adder's poison
             ... on level 2 of the Dungeon.
             The game lasted 00:02:18 (1005 turns).

HDogLeCool the Shield-Bearer (Human Fighter)        Turns: 1005, Time: 00:02:19

Health: 0/29       AC:  6    Str: 17    XL:     3   Next: 40%
Magic:  3/3        EV:  7    Int:  8    God:
Gold:   72         SH:  9    Dex: 12    Spells: 2/2 levels left

rFire   + . .      SeeInvis .   a - +0 trident
rCold   + . .      Faith    .   c - +0 kite shield
rNeg    + . .      Spirit   .   b - +0 scale mail
rPois   +          Reflect  .   (no helmet)
rElec   +          Harm     .   (no cloak)
rCorr   +          Rampage  .   (no gloves)
Will    .....                   (no boots)
Stlth   ..........              (no amulet)
HPRegen 0.09/turn               g - ring of positive energy
MPRegen 0.08/turn               (no ring)

@: lethally poisoned (0 -> -5), resistant
A: no striking features
a: no special abilities


You were on level 2 of the Dungeon.
You visited 1 branch of the dungeon, and saw 2 of its levels.

You collected 72 gold pieces.

Inventory:

Hand Weapons
 a - a +0 trident (weapon)
Armour
 b - a +0 scale mail (worn)
 c - a +0 kite shield (worn)
Jewellery
 g - a ring of positive energy (left hand)
Scrolls
 e - a scroll of identify {unknown}
 h - a scroll of teleportation {unknown}
 i - a scroll of enchant armour {unknown}
 j - a scroll of fog {unknown}
 k - a scroll of silence {unknown}
Potions
 d - a potion of might


   Skills:
 + Level 3.2 Fighting
 * Level 2.5 Polearms
 + Level 3.2 Armour
 * Level 3.4 Shields


You had 2 spell levels left.
You didn't know any spells.
Your spell library was empty.

Dungeon Overview and Level Annotations

Branches:
Dungeon (2/15)

Altars:
Yredelemnul


Message History

You feel very sick. The adder bites you. x2
You are more poisoned.
The adder poisons you!
You miss the adder.
The adder is severely wounded.
You feel very sick. You block the adder's attack.
You feel sick. The adder bites you.
You feel sick.
You miss the adder.
The adder is severely wounded.
You feel sick.
The adder bites you but does no damage. x2
You closely miss the adder.
The adder is severely wounded.
You feel sick. The adder bites you but does no damage.
You miss the adder.
The adder is severely wounded.
You feel sick. You block the adder's attack. The adder barely misses you.
You closely miss the adder.
The adder is severely wounded.
You feel sick.
You are no longer poisoned.
You block the adder's attack. x2
You barely miss the adder.
The adder is severely wounded.
The adder bites you but does no damage. x2
You closely miss the adder.
The adder is severely wounded.
The adder bites you but does no damage. The adder bites you.
* * * LOW HITPOINT WARNING * * *
You are lethally poisoned!
The adder poisons you!
It was a potion of resistance.
You feel protected.
* * * LOW HITPOINT WARNING * * *
You feel sick. You block the adder's attack.
* * * LOW HITPOINT WARNING * * *
You feel sick.
You die...

..##..#.#.......# #.##
..##..#.#$......# #..#
........#.......#####.#
###...###....... #....#
#..## ..... #.#### #.##
.... #.# #.# ######.#
#.# #.# #......#####.#
#.###.#.#...S.@..#
#...(..#..########
#####.#.....##
#........# ##.....#..#
#.........# ##........#
##.......# ##......#


You could see an adder.

Vanquished Creatures
  A dart slug (D:2)
  A bat (D:1)
  5 endoplasms
  A giant cockroach (D:1)
  4 goblins
  5 hobgoblins
  A quokka (D:1)
  A ball python (D:2)
  A frilled lizard (D:1)
  2 kobolds (D:1)
  3 rats
25 creatures vanquished.

Notes
Turn   | Place    | Note
-------+----------+-------------------------------------------
     0 | D:1      | HDogLeCool the Human Fighter began the quest for the Orb.
     0 | D:1      | Reached XP level 1. HP: 18/18 MP: 1/1
    96 | D:1      | Reached XP level 2. HP: 24/24 MP: 2/2
   698 | D:2      | Reached XP level 3. HP: 27/29 MP: 3/3
   763 | D:2      | Found a basalt altar of Yredelemnul.
  1003 | D:2      | HP: 1/29 [poisoned by an adder]
  1005 | D:2      | Succumbed to an adder's poison

Illustrated notes

Levels and vault maps discovered:
D:1:      wander_arrival_chamber, layout_loops_ring
D:2:      layout_loops_cross, basic_altar, basic_ecumenical_altar, uniq_robin

Action                   || total
-------------------------++-------
Melee: Trident           ||    84
  Use: Potion            ||     1
Armor: Scale mail        ||    25
Dodge: Dodged            ||    12
Block: Kite shield       ||    33

Table legend: (Time is in decaauts)
 A = Elapsed time spent in this place.
 B = Non-inter-level travel time spent in this place.
 C = Inter-level travel time spent in this place.
 D = Time resting spent in this place.
 E = Time spent auto-exploring this place.
 F = Levels seen in this place.
 G = Mean time per level.
                   A        B        C        D        E       F      G
               +--------+--------+--------+--------+--------+-----+--------+
         Total |   1039 |   1028 |     11 |      0 |    833 |   2 |  519.5 |
       Dungeon |   1039 |   1028 |     11 |      0 |    833 |   2 |  519.5 |
               +--------+--------+--------+--------+--------+-----+--------+

Top non-repeatable levels by time:
     D:1: 701 daAuts
     D:2: 337 daAuts
